AoeStats
← KootH.

Fortress

507200873Analyzed
4v4 RM · 15d ago on Sep 17, 2026· 46m 23s· 8 players
Game mode
Random Map
Map size
Huge
Population
200
Speed
Normal
Resources
Standard
Victory
Conquest
Starting age
Dark Age
Ending age
Imperial Age
RankedLock teamsTeams togetherTeam positionsShared explorationLock speedFull tech treeHidden civsTurbo modeCheats
Victory
Defeat
🇵🇪 Bohemians · Peru
1522
+11
🇨🇴 Turks · Colombia
1498
+12
🇵🇪 Persians · Peru
1474
+13
🇵🇪 Italians · Peru
1355
+18
🇺🇸 Maya · United States
1490
-17
🇲🇽 Bohemians · Mexico
1418
-14
🇨🇴 Slavs · Colombia
1404
-13
🇺🇸 Britons · United States
1322
-10
Seifer
5:32 Feudal Age
5:59 Double-Bit Axe
11:49 Castle Age
10:00 Horse Collar
12:40 Bow Saw
15:06 Heavy Plow
16:20 Wheelbarrow
16:53 Loom
18:04 Fervor
19:07 Hand Cart
20:24 Town Watch
25:03 Imperial Age
22:42 Pikeman
23:23 Squires
23:25 Scale Mail Armor
23:35 Forging
24:36 Chain Mail Armor
25:36 Sanctity
26:14 Iron Casting
25:16 Halberdier
25:41 Arson
26:29 Conscription
27:50 Plate Mail Armor
28:20 Blast Furnace
28:38 Wagenburg Tactics
30:31 Chemistry
29:38 Siege Engineers
30:34 Elite Hussite Wagon
38:00 Guilds
37:26 Houfnice
Morningstar
7:41 Feudal Age
11:46 Castle Age
10:02 Double-Bit Axe
10:18 Horse Collar
10:42 Gold Mining
11:48 Fletching
12:52 Bow Saw
13:42 Heavy Plow
14:06 Loom
17:05 Town Watch
17:35 Bodkin Arrow
18:28 Padded Archer Armor
KootH.
7:02 Feudal Age
10:44 Castle Age
9:02 Double-Bit Axe
9:37 Horse Collar
11:53 Bow Saw
18:08 Heavy Plow
18:50 Wheelbarrow
20:57 Hand Cart
22:49 Loom
23:19 Detinets
23:28 Husbandry
23:39 Bloodlines
29:08 Imperial Age
28:05 Scale Barding Armor
28:11 Forging
28:47 Man-at-Arms
29:28 Squires
28:48 Pikeman
30:40 Iron Casting
30:06 Scale Mail Armor
29:38 Long Swordsman
30:24 Gold Mining
30:19 Two-Handed Swordsman
30:29 Capped Ram
31:20 Champion
33:07 Hoardings
33:52 Blast Furnace
33:07 Chain Mail Armor
32:52 Siege Ram
34:30 Chain Mail Armor
34:02 Light Cavalry
36:50 Plate Mail Armor
JokaDaJesta
7:12 Feudal Age
9:08 Double-Bit Axe
11:31 Castle Age
10:06 Horse Collar
16:44 Fletching
19:31 Wheelbarrow
19:10 Bow Saw
21:38 Gold Mining
22:09 Bodkin Arrow
22:54 Padded Archer Armor
24:00 Crossbowman
25:32 Gold Shaft Mining
25:28 Loom
28:41 Imperial Age
27:39 Ballistics
30:51 Warwolf
31:25 Yeomen
30:30 Arbalester
32:58 Chemistry
33:00 Bracer
41:03 Hand Cart
41:12 Leather Archer Armor
CORT3S
7:03 Feudal Age
8:22 Loom
12:00 Castle Age
10:09 Double-Bit Axe
10:37 Fletching
13:32 Wheelbarrow
12:48 Town Watch
13:03 Bodkin Arrow
14:08 Wheelbarrow
13:57 Horse Collar
14:43 Bow Saw
24:22 Padded Archer Armor
26:32 Ballistics
31:01 Imperial Age
30:14 Leather Archer Armor
29:57 Stone Mining
30:04 Gold Mining
31:18 Hand Cart
31:04 Town Patrol
32:10 Conscription
32:39 Bloodlines
32:30 Husbandry
33:01 Ring Archer Armor
34:23 Artillery
33:46 Elite Janissary
36:54 Murder Holes
37:10 Bracer
37:33 Heavy Plow
38:35 Two-Man Saw
38:12 Gold Shaft Mining
39:42 Forging
39:38 Scale Barding Armor
41:00 Iron Casting
42:04 Masonry
44:21 Blast Furnace
43:41 Chain Barding Armor
43:53 Sipahi
44:20 Heavy Cavalry Archer
45:25 Parthian Tactics
45:38 Plate Barding Armor
chr0rk
9:04 Feudal Age
10:25 Double-Bit Axe
13:21 Castle Age
11:42 Horse Collar
15:03 Bow Saw
14:54 Heavy Plow
18:01 Imperial Age
17:05 Fletching
17:39 Elite Skirmisher
19:23 Wheelbarrow
19:48 Ballistics
21:49 Bodkin Arrow
21:41 Loom
25:12 Bracer
28:41 Chemistry
27:56 Padded Archer Armor
28:36 Conscription
28:31 Gold Mining
29:13 Leather Archer Armor
31:22 Ring Archer Armor
31:22 Town Watch
38:02 Hand Cart
38:48 Two-Man Saw
41:33 Elite Genoese Crossbowman
42:52 Hoardings
44:44 Crop Rotation
44:52 Pirotechnia
DarkWolf110722
5:35 Loom
7:21 Feudal Age
11:48 Castle Age
10:01 Double-Bit Axe
14:32 Bow Saw
16:39 Horse Collar
18:12 Wheelbarrow
18:09 Heavy Plow
22:31 Hand Cart
25:27 Imperial Age
22:39 Pikeman
24:37 Scale Mail Armor
24:49 Forging
25:21 Squires
25:57 Chain Mail Armor
25:32 Halberdier
27:38 Plate Mail Armor
27:03 Arson
28:23 Two-Man Saw
27:57 Conscription
28:21 Iron Casting
31:00 Chemistry
31:19 Blast Furnace
31:22 Houfnice
36:13 Wagenburg Tactics
41:57 Scale Barding Armor
41:55 Caravan
41:18 Elite Hussite Wagon
42:06 Hussite Reforms
41:24 Man-at-Arms
42:28 Fletching
43:10 Coinage
43:19 Ballistics
43:57 Padded Archer Armor
44:29 Banking
44:23 Bombard Tower
46:34 Chain Barding Armor
The_Night_Wolf
3:02 Loom
5:58 Feudal Age
11:39 Castle Age
10:04 Double-Bit Axe
10:01 Horse Collar
12:30 Bow Saw
17:39 Gold Mining
18:40 Bloodlines
19:21 Stone Mining
21:42 Wheelbarrow
21:43 Scale Barding Armor
22:10 Bloodlines
22:12 Forging
24:22 Chain Barding Armor
24:05 Husbandry
29:46 Imperial Age
27:37 Heavy Plow
29:13 Iron Casting
29:31 Gold Shaft Mining
29:27 Cavalier
30:43 Plate Barding Armor
30:52 Conscription
31:22 Crop Rotation
32:10 Blast Furnace
31:41 Savar
34:28 Hand Cart
36:47 Town Watch
39:17 Chemistry
38:41 Light Cavalry
39:59 Fletching
40:10 Padded Archer Armor
40:56 Town Patrol
40:52 Bodkin Arrow
40:19 Elite Skirmisher
41:38 Leather Archer Armor
42:32 Parthian Tactics
42:35 Ballistics
44:07 Ring Archer Armor
45:02 Two-Man Saw
44:33 Thumb Ring
44:33 Hussar
46:31 Masonry
Connection lost

Rejoining the realm…

Still unreachable

The connection could not be restored.

Session expired

The server has moved on; the page needs a fresh start.